 Dungeon Crawl Stone Soup version 0.21-a0-184-g9126a74 (webtiles) character file.

256 FrankyJ the Firebug (level 6, -5/32 HPs)
             Began as a Gargoyle Fire Elementalist on Aug 12, 2017.
             Slain by kinggod's ghost (9 damage)
             ... on level 4 of the Dungeon.
             The game lasted 00:14:48 (4937 turns).

FrankyJ the Firebug (Gargoyle Fire Elementalist)    Turns: 4937, Time: 00:14:49

Health: -5/32      AC: 15    Str: 11    XL:     6   Next: 15%
Magic:  1/12       EV: 11    Int: 23    God:
Gold:   176        SH:  0    Dex: 10    Spells: 5/13 levels left

rFire    . . .     SeeInvis .   n - +2 dagger (protect)
rCold    . . .     Gourm    .   (no shield)
rNeg     + . .     Faith    .   f - +0 leather armour
rPois    ∞         Spirit   .   h - +0 helmet
rElec    +         Reflect  .   (no cloak)
rCorr    .         Harm     .   (no gloves)
MR       .....                  (no boots)
Stlth    +++.......             (no amulet)
HPRegen  0.10/turn              q - ring of stealth
MPRegen  0.13/turn              (no ring)

@: brilliant, protection aura
A: negative energy resistance 1, electricity resistance, unbreathing,
petrification resistance, rot immunity, AC +4
a: no special abilities


You were on level 4 of the Dungeon.
You were very hungry.

You visited 1 branch of the dungeon, and saw 5 of its levels.

You collected 176 gold pieces.

Inventory:

Hand Weapons
 e - a +0 hand axe
 n - a +2 dagger of protection (weapon)
Armour
 f - a +0 leather armour (worn)
 h - a +0 helmet (worn)
Jewellery
 q - a ring of stealth (left hand)
Scrolls
 a - a scroll of teleportation
 k - 3 scrolls of identify
 p - a scroll of magic mapping
 t - a scroll of remove curse
Potions
 g - a potion of agility {unknown}
 j - 2 potions of heal wounds
 l - 2 potions of curing
 m - a potion of brilliance
 o - a potion of lignification {unknown}
 r - a potion of flight {unknown}
 s - a potion of cancellation {unknown}
Books
 b - a book of Flames

   Spells                             Type                      Level
   a - Flame Tongue                   Conjuration/Fire             1
   b - Throw Flame                    Conjuration/Fire             2
   c - Conjure Flame                  Conjuration/Fire             3
   d - Inner Flame                    Hexes/Fire                   3
   e - Sticky Flame                   Conjuration/Fire             4
   f - Fireball                       Conjuration/Fire             5
Comestibles
 c - 4 bread rations
 i - 2 royal jellies


   Skills:
 - Level 2.0 Dodging
 - Level 2.1 Stealth
 - Level 4.1 Spellcasting
 - Level 3.1 Conjurations
 + Level 4.1 Fire Magic


You had 5 spell levels left.
You knew the following spells:

 Your Spells              Type           Power        Failure   Level  Hunger
a - Flame Tongue          Conj/Fire      #####        1%          1    None
b - Sticky Flame          Conj/Fire      #####...     3%          4    ####...
c - Conjure Flame         Conj/Fire      #####...     1%          3    ##.....


Dungeon Overview and Level Annotations

Branches:
Dungeon (5/15)
 Temple: D:4-7

Altars:
Elyvilon

Annotations:
D:4 Eustachio; Pikel; kinggod's ghost, amateur HOWn


Innate Abilities, Weirdness & Mutations

You are resistant to torment.
Your stone body is resilient. (AC +4)
You are immune to poison.
You resist negative energy. (rN+)
You are resistant to electric shocks. (rElec)
You can survive without breathing.
You are immune to petrification.
You are immune to rotting.


Message History

Kinggod's ghost is heavily damaged.
Kinggod's ghost hits you.
You hit kinggod's ghost.
Your weapon exudes an aura of protection.
Kinggod's ghost is heavily damaged.
Kinggod's ghost hits you.
* * * LOW HITPOINT WARNING * * *
The frilled lizard barely misses you. Kinggod's ghost hits you.
* * * LOW HITPOINT WARNING * * *
You hit kinggod's ghost.
Your weapon exudes an aura of protection.
Kinggod's ghost is severely damaged.
The frilled lizard barely misses you.
Kinggod's ghost hits you but does no damage.
You barely miss kinggod's ghost.
Kinggod's ghost is severely damaged.
The frilled lizard bites you but does no damage.
Kinggod's ghost hits you!
You die...

#.#
#.........................
#.#
#.........................
♣.♣#
#.........................
♣♣.P#
#.........................
P...#
#.........................
...♣#
#.........................
.P♣♣
#.........................
.P♣
#........lW...............
♣♣♣
###.###.#@####.######.####
#.# #.#...#.# #.# #[# #.#
#♣♣♣###.# #.# #.# #.#
♣♣♣♣##.# #.# #.# #.#
♣♣.P♣...# #.# #.# #.#
♣P.♣♣#####♣♣♣♣ #.# #.#
♣...♣.....♣..♣♣####.# #.#
♣♣..♣...............# #.#
♣.♣#.####♣♣♣.♣######


You could see kinggod's ghost and a frilled lizard.

Vanquished Creatures
  3 slaves
  A jelly (D:4)
  An orc wizard (D:4)
  A worker ant (D:4)
  7 adders
  An adder skeleton (D:3)
  2 worms
  2 dart slugs
  A leopard gecko (D:3)
  8 orcs
  A ball python (D:1)
  3 giant cockroaches
  5 goblins
  11 hobgoblins
  9 jackals
  4 quokkas
  8 bats
  3 frilled lizards
  10 kobolds
  6 rats
87 creatures vanquished.

Notes
Turn   | Place    | Note
-------+----------+-------------------------------------------
     0 | D:1      | FrankyJ the Gargoyle Fire Elementalist began the quest for the Orb.
     0 | D:1      | Reached XP level 1. HP: 10/10 MP: 3/3
   240 | D:1      | Reached XP level 2. HP: 12/15 MP: 3/5
   943 | D:2      | Reached XP level 3. HP: 19/19 MP: 0/6
  1914 | D:2      | Reached XP level 4. HP: 24/24 MP: 6/8
  1924 | D:2      | Learned a level 4 spell: Sticky Flame
  2038 | D:3      | Found a white marble altar of Elyvilon.
  2441 | D:3      | Reached XP level 5. HP: 28/28 MP: 2/9
  2953 | D:4      | Noticed kinggod's ghost (amateur HOWn)
  3124 | D:4      | Noticed Eustachio
  3133 | D:4      | Learned a level 3 spell: Conjure Flame
  3542 | D:4      | Noticed a slave
  3570 | D:4      | Killed a slave
  3738 | D:5      | Entered Level 5 of the Dungeon
  4013 | D:4      | Reached XP level 6. HP: 32/32 MP: 5/12
  4096 | D:4      | Noticed a slave
  4096 | D:4      | Noticed a slave
  4157 | D:3      | Killed a slave
  4308 | D:4      | Noticed a slave
  4309 | D:4      | Noticed Pikel
  4338 | D:4      | Killed a slave
  4937 | D:4      | Slain by kinggod's ghost

Vault maps used:
D:1:      dpeg_arrival_orchard
D:2:      grunt_ministairs_2, minmay_tromino_v4_a
D:3:      nicolae_overflow_crystal_walls
D:4:      first_bread, serial_forest, infiniplex_forest_lined_2,
          infiniplex_forest_corner_2, infiniplex_forest_straight_4,
          infiniplex_forest_end_1, infiniplex_forest_end_1,
          infiniplex_forest_lined_1, infiniplex_forest_clump_tiny, uniq_pikel,
          uniq_eustachio
D:5:      serial_glass, glass_columns_a, glass_columns_a, lemuel_blue_sif_altar

Skill      XL: |  1  2  3  4  5 |
---------------+----------------+-----
Dodging        | 2 |  2.0
Conjurations   | 2 3 |  3.1
Spellcasting   | 3 4 |  4.1
Fire Magic     | 4 |  4.1
Stealth        | |  2.1

Action                   |  1- 3 |  4- 6 || total
-------------------------+-------+-------++-------
Melee: Hand axe          |    10 |       ||    10
       Whip              |    11 |       ||    11
       Dagger            |     8 |    87 ||    95
 Cast: Flame Tongue      |    45 |    95 ||   140
       Sticky Flame      |       |     4 ||     4
  Use: Scroll            |     6 |     3 ||     9
       Potion            |       |     1 ||     1
 Stab: Sleeping          |     1 |     2 ||     3
  Eat: Chunk             |     4 |     7 ||    11
       Fruit             |       |     2 ||     2
Armor: Leather armour    |    28 |    63 ||    91
Dodge: Dodged            |    29 |   104 ||   133
